 Dungeon Crawl Stone Soup version 0.24-a0-57-gac335f2 (webtiles) character file.

Game seed: 9607954343475675990

59 Amnesiac the Conjurer (level 4, -5/24 HPs)
             Began as a Tengu Conjurer on Feb 4, 2019.
             Slain by an iguana (15 damage)
             ... on level 5 of the Dungeon.
             The game lasted 00:02:54 (864 turns).

Amnesiac the Conjurer (Tengu Conjurer)               Turns: 864, Time: 00:02:55

Health: -5/24      AC:  2    Str:  8    XL:     4   Next: 3%
Magic:  8/10       EV: 13    Int: 16    God:
Gold:   56         SH:  0    Dex: 15    Spells: 4/9 levels left

rFire    + . .     SeeInvis .   l - -2 dagger
rCold    . . .     Gourm    .   (no shield)
rNeg     . . .     Faith    .   a - +0 robe
rPois    .         Spirit   .   (helmet restricted)
rElec    .         Reflect  .   (no cloak)
rCorr    .         Harm     .   (no gloves)
MR       .....                  (boots unavailable)
Stlth    ++........             (no amulet)
HPRegen  0.08/turn              g - ring of protection from fire
MPRegen  0.12/turn              (no ring)

@: about to teleport
A: beak, talons 3
a: no special abilities


You were on level 5 of the Dungeon.
You were very hungry.

You visited 1 branch of the dungeon, and saw 5 of its levels.

You collected 56 gold pieces.

Inventory:

Hand Weapons
 j - a +0 short sword
 l - a -2 dagger (weapon)
Armour
 a - a +0 robe (worn)
Jewellery
 g - a ring of protection from fire (left hand)
Scrolls
 b - a scroll of remove curse {!r}
 d - a scroll of enchant armour {!r, unknown}
 h - a scroll of teleportation {!r}
 i - a scroll of blinking {!r, unknown}
 k - 2 scrolls of fog {!r}
 m - a scroll of identify {!r, unknown}
Potions
 e - a potion of curing {!q}
Comestibles
 c - 5 rations
 f - a chunk of flesh


   Skills:
 - Level 2.1 Dodging
 - Level 2.0 Stealth
 + Level 3.3 Spellcasting
 - Level 6.0 Conjurations


You had 4 spell levels left.
You knew the following spells:

 Your Spells              Type           Power        Failure   Level  Hunger
a - Magic Dart            Conj           ###.         1%          1    None
d - Iskenderun's Mystic   Conj           ###.....     14%         4    ####...

Your spell library contained the following spells:

 Spells                   Type           Power        Failure   Level  Hunger
 Searing Ray              Conj           ###...       2%          2    ##.....
 Dazzling Spray           Conj/Hex       ##....       16%         3    ###....
 Force Lance              Conj/Tloc      ##......     45%         4    ####...
 Fulminant Prism          Conj/Hex       ##........   45%         4    ####...


Dungeon Overview and Level Annotations

Branches:
Dungeon (5/15)
 Temple: D:4-7

Altars:


Innate Abilities, Weirdness & Mutations

You have a beak for a mouth.
You have claws for feet.


Message History

Found an escape hatch in the ceiling.
Casting: Iskenderun's Mystic Blast (safe; 14% risk of failure)
Confirm with . or Enter, or press ? or * to list all spells.
Aiming: Iskenderun's Mystic Blast (safe; 14% risk of failure)
Press: ? - help, Shift-Dir - straight line, f/p - ogre
Aim: an ogre, wielding a +0 giant club (lightly wounded)
The orb of energy hits the ogre!
The ogre is heavily wounded.
The orb of energy explodes!
The ogre barely misses you.
Unknown command.
Your magical contamination has completely faded away.
Some of the chunks of flesh in your inventory have rotted away.
You see here a scale mail.
The ogre misses you.
Casting: Iskenderun's Mystic Blast (safe; 14% risk of failure)
Confirm with . or Enter, or press ? or * to list all spells.
Aiming: Iskenderun's Mystic Blast (safe; 14% risk of failure)
Press: ? - help, Shift-Dir - straight line, f/p - ogre
Aim: an ogre, wielding a +0 giant club (moderately wounded)
The orb of energy hits the ogre.
The ogre is heavily wounded.
The orb of energy explodes!
Unknown command.
You are feeling very hungry.
You see here a scale mail.
The ogre hits you with a +0 giant club.
Some of the chunks of flesh in your inventory have rotted away.
There is a stone staircase leading down here.
You climb downwards.
A quokka and a scorpion come into view.
Found a potion of curing, a scroll labeled ZUODWOCASM and 11 gold pieces.
There is a stone staircase leading up here.
A centaur skeleton comes into view.
An orc and an orc wizard come into view.
A gnoll comes into view.
The orc shouts!
You hear a shout! x3
The orc throws a tomahawk.
The tomahawk closely misses you.
You hear a shout!
You hear a shout! x2
The centaur skeleton misses you.
An orc priest comes into view. It is wielding a +0 vampiric hand axe.
An iguana and 2 gnolls come into view.
An orc comes into view. It is wielding a +0 whip.
The gnoll moves out of view.
The centaur skeleton closely misses you.
The centaur skeleton misses you.
Really read
k - 3 scrolls labeled QIGOFA FIEKHE {!r}?
As you read the scroll labeled QIGOFA FIEKHE {!r}, it crumbles to dust.
The scroll dissolves into smoke.
It was a scroll of fog {!r}.
The centaur skeleton barely misses you.
Really read
h - 2 scrolls labeled ORCHAF FAEPN {!r}?
As you read the scroll labeled ORCHAF FAEPN {!r}, it crumbles to dust.
You feel strangely unstable.
It was a scroll of teleportation {!r}.
The centaur skeleton hits you.
The orc throws a tomahawk.
The tomahawk misses you. The centaur skeleton misses you.
The iguana hisses angrily.
The iguana bites you!
* * * LOW HITPOINT WARNING * * *
The orc throws a tomahawk.
The tomahawk hits you but does no damage.
The orc priest casts a cantrip, but nothing happens.
The iguana bites you!
Ouch! That really hurt!
You die...

....<######.#s.#
..........#.#.(#
...?.####...##.###
#....# #.....§§§#
....## #.....§§§#
.#.. #....§g§s#
##.. ##..o§oo§#
##. #.##.#lZ# #.o
#.#.@# .. o.#..#
...##.. go #..#
##.# .# .# .#


You could see a scorpion, an iguana, an orc priest, a gnoll, an orc and a
centaur skeleton.

Vanquished Creatures
  4 adders
  A dart slug (D:2)
  2 orcs (D:3)
  A bat (D:2)
  A giant cockroach (D:4)
  A goblin (D:3)
  2 hobgoblins
  2 quokkas (D:3)
  2 kobolds (D:3)
  A leopard gecko skeleton (D:3)
  3 rats
20 creatures vanquished.

Notes
Turn   | Place    | Note
-------+----------+-------------------------------------------
     0 | D:1      | Amnesiac the Tengu Conjurer began the quest for the Orb.
     0 | D:1      | Reached XP level 1. HP: 10/10 MP: 4/4
   144 | D:2      | Reached skill level 6 in Conjurations
   144 | D:2      | Reached XP level 2. HP: 2/15 MP: 0/6
   400 | D:3      | Reached XP level 3. HP: 19/19 MP: 2/7
   600 | D:3      | Reached XP level 4. HP: 15/24 MP: 0/9
   606 | D:3      | Learned a level 4 spell: Iskenderun's Mystic Blast
   700 | D:4      | Noticed an ogre
   845 | D:5      | Entered Level 5 of the Dungeon
   864 | D:5      | Slain by an iguana

Vault maps used:
D:1:      nzn_arrival_water_spiral
D:2:      nicolae_ru_path_of_blood, chequers_ecumenical_altar_simple_redux,
          chequers_serial_rivers_micro_e, uniq_jessica, uniq_natasha
D:4:      first_ration, uniq_blork_the_orc
D:5:      lemuel_blue_sif_altar, lemuel_round_altar,
          minmay_temple_entry_large_hall

Skill      XL: |  1  2  3 |
---------------+----------+-----
Conjurations   | 6 |  6.0
Spellcasting   | 3 |  3.3
Dodging        | |  2.1
Stealth        | |  2.0

Action                   |  1- 3 |  4- 6 || total
-------------------------+-------+-------++-------
Melee: Short sword       |     1 |       ||     1
       Dagger            |       |     1 ||     1
Throw: Javelin           |     6 |       ||     6
 Cast: Magic Dart        |    44 |     1 ||    45
       Iskenderun's Myst |       |     4 ||     4
  Use: Potion            |     1 |       ||     1
       Scroll            |       |     3 ||     3
 Stab: Sleeping          |       |     1 ||     1
Dodge: Dodged            |    15 |    10 ||    25

Table legend:
 A = Non-vault XP
 B = Vault XP
 C = Vault XP percentage of total XP
 D = Non-vault monster count
 E = Vault monster count
 F = Vault count percentage of total count
                 A         B        C        D         E       F
            +---------+---------+-------+---------+---------+-------
      Total |      85 |       0 |   0.0 |      20 |       0 |   0.0
            +---------+---------+-------+---------+---------+-------
        D:1 |       1 |       0 |   0.0 |       1 |       0 |   0.0
        D:2 |      22 |       0 |   0.0 |       5 |       0 |   0.0
        D:3 |      60 |       0 |   0.0 |      13 |       0 |   0.0
        D:4 |       2 |       0 |   0.0 |       1 |       0 |   0.0
            +---------+---------+-------+---------+---------+-------
